 Dungeon Crawl Stone Soup version 0.22.1-1-ga44c0e56f4 (webtiles) character file.

49 Jynx the Changer (level 3, -1/28 HPs)
             Began as a Draconian Transmuter on Oct 25, 2018.
             Slain by a gnoll
             ... wielding a +0 halberd
              (6 damage)
             ... on level 2 of the Dungeon.
             The game lasted 00:03:46 (1732 turns).

Jynx the Changer (Draconian Transmuter)             Turns: 1732, Time: 00:03:46

Health: -1/28      AC:  5    Str: 12    XL:     3   Next: 53%
Magic:  6/6        EV: 12    Int: 13    God:
Gold:   58         SH:  0    Dex: 12    Spells: 6/7 levels left

rFire    . . .     SeeInvis .     - Unarmed
rCold    . . .     Gourm    .   (no shield)
rNeg     . . .     Faith    .   (armour unavailable)
rPois    .         Spirit   .   (helmet restricted)
rElec    .         Reflect  .   (no cloak)
rCorr    .         Harm     .   (no gloves)
MR       .....                  (no boots)
Stlth    +.........             (no amulet)
HPRegen  0.09/turn              (no ring)
MPRegen  0.10/turn              (no ring)

@: no status effects
A: unfitting armour, cold-blooded, AC +5
a: no special abilities


You were on level 2 of the Dungeon.
You were not hungry.

You visited 1 branch of the dungeon, and saw 2 of its levels.

You collected 58 gold pieces.

Inventory:

Missiles
 a - 12 arrows
Scrolls
 b - a scroll of amnesia
 d - a scroll of enchant armour {unknown}
 f - a scroll of identify
 g - a scroll of noise {unknown}
 h - a scroll of blinking {unknown}
 k - a scroll of remove curse
Potions
 e - a potion of degeneration {unknown}
 i - a potion of flight {unknown}
Comestibles
 c - 2 rations
 l - a chunk of flesh


   Skills:
 - Level 1.1 Fighting
 - Level 1.7 Dodging
 - Level 3.0 Unarmed Combat
 + Level 2.6 Spellcasting
 * Level 3.4 Transmutations


You had 6 spell levels left.
You knew the following spells:

 Your Spells              Type           Power        Failure   Level  Hunger
a - Beastly Appendage     Tmut           ##....       6%          1    #......

Your spell library contained the following spells:

 Spells                   Type           Power        Failure   Level  Hunger
 Sticks to Snakes         Tmut           ##......     9%          2    ###....
 Spider Form              Tmut/Pois      #.........   34%         3    ###....
 Ice Form                 Ice/Tmut       #.......     75%         4    #####..
 Blade Hands              Tmut           ##........   85%         5    ######.


Dungeon Overview and Level Annotations

Branches:
Dungeon (2/15)

Altars:
Hepliaklqana


Innate Abilities, Weirdness & Mutations

Your plain brown scales are hard. (AC +5)
You cannot fit into any form of body armour.
You are cold-blooded and may be slowed by cold attacks.


Message History

The gnoll hits you from afar with a spear.
* * * LOW HITPOINT WARNING * * *
The gnoll barely misses you. The gnoll closely misses you.
As you read the scroll labeled JOWOAW BEASE, it crumbles to dust.
It is a scroll of identify.
b - a scroll of amnesia The gnoll shouts!
The gnoll barely misses you.
As you read the scroll labeled HETZOIDAMU, it crumbles to dust.
You feel blessed for a moment.
It was a scroll of remove curse.
The gnoll barely misses you.
As you read the scroll labeled ASKOUM MATS, it crumbles to dust.
The scroll dissolves into smoke.
It was a scroll of fog.
Your talons disappear.
The gnoll hits you from afar with a spear.
* * * LOW HITPOINT WARNING * * *
Okay, then.
The gnoll hits you with a halberd.
You die...

#.>........##.#
#....########.#
#.#..# #.# #.#..#
#.###### #
#..########.#.....
#...........g.#
#§##########.## #g#
#g# #@# #.#### #§#
#....#
#g##########.###.#
#.#§g..g.rg......#
#.#)§########..#....
#.#..# #..####.
#.#..# ##.# #.#..#
#.. #.#..# #.#####


You could see 2 gnolls.

Vanquished Creatures
  A dart slug (D:1)
  A leopard gecko (D:1)
  3 goblins
  3 hobgoblins
  11 jackals
  5 bats
  5 frilled lizards
  9 kobolds
  5 rats
43 creatures vanquished.

Notes
Turn   | Place    | Note
-------+----------+-------------------------------------------
     0 | D:1      | Jynx the Draconian Transmuter began the quest for the Orb.
     0 | D:1      | Reached XP level 1. HP: 16/16 MP: 3/3
   237 | D:1      | Reached XP level 2. HP: 13/23 MP: 5/5
   871 | D:1      | Reached XP level 3. HP: 28/28 MP: 4/6
  1649 | D:2      | Found a hazy altar of Hepliaklqana.
  1732 | D:2      | Slain by a gnoll

Skill      XL: |  1  2 |
---------------+-------+-----
Transmutations | 3 |  3.4
Fighting       | |  1.1
Dodging        | |  1.7
Unarmed Combat | |  3.0
Spellcasting   | |  2.6

Action                   || total
-------------------------++-------
Melee: Unarmed           ||   168
       Tailslap          ||    13
       Headbutt          ||    16
       Kick              ||     3
       Punch             ||     2
 Cast: Beastly Appendage ||    29
  Use: Scroll            ||     3
  Eat: Chunk             ||     3
Armor: Skin              ||    71
Dodge: Dodged            ||   159
